Princes vs Wolves
Created - 31 mars 2013 at 00:10
Goals
|
| Princes |
3 |
4 |
0 |
7 |
| Wolves |
1 |
2 |
1 |
4 |
|
Shots
|
| Princes |
11 |
18 |
3 |
32 |
| Wolves |
10 |
7 |
7 |
24 |
|
1st period
1. Wolves , Alexander Perezhogin 32 (Rich Peverley, Vyacheslav Kozlov) at 14:08 (PP)
2. Princes , Jonathan Tremblay 8 (Michael Haley, Tyler Brenner) at 16:20
3. Princes , Noah Welch 2 (Mason Raymond, Boyd Gordon) at 17:05
4. Princes , Mason Raymond 32 (Boyd Gordon, Brian McGrattan) at 18:44
Penalties :
Ethan Moreau (Min) for Holding (Minor) at 8:02, Rhett Warrener (Cal) for Hooking (Minor) at 13:56, Mason Raymond (Cal) for Hooking (Minor) at 18:57
2nd period
5. Wolves , Vyacheslav Kozlov 32 (Willie Mitchell) at 0:14 (PP)
6. Princes , Mason Raymond 33 (Brian McGrattan, Boyd Gordon) at 0:55
7. Wolves , Ethan Moreau 13 (Milan Bartovic, Philippe Boucher) at 5:48
8. Princes , Ryan Hollweg 34 (Michael Nylander, Patric Hornqvist) at 6:45
9. Princes , Michael Nylander 34 (Ryan Hollweg) at 13:12 (PP)
10. Princes , Ryan Hollweg 35 (Nate Prosser) at 15:17
Penalties :
Ryan Hollweg (Cal) for Interference (Minor) at 1:32, Bruno Gervais (Min) for Cross-checking (Minor) at 10:57, Rhett Warrener (Cal) for Hooking (Minor) at 10:57, Matt Gilroy (Min) for Roughing (Minor) at 13:08, Chris Neil (Min) for Fighting (Major) at 18:35, Michael Haley (Cal) for Fighting (Major) at 18:35
3rd period
11. Wolves , Alexander Perezhogin 33 (Geoff Sanderson) at 1:14
Penalties :
Alexander Perezhogin (Min) for Roughing (Minor) at 8:11, John Madden (Cal) for Goalie Interference (Minor) at 18:05
Goalie Stats
Jonathan Bernier (Cal), 20 saves from 24 shots - (0,833), W, 21-10-4, 60:00 minutes
Julien Ellis (Min), 18 saves from 24 shots - (0,750), L, 20-20-2, 33:12 minutes
Loïc Lacasse (Min), 7 saves from 8 shots - (0,875), 26:48 minutes
Players Stats for Princes
Player Name G A P +/- PIM S H SB GA TA FO MP PP MP PK MP
------------------------------------------------------------------------------------
Alexander Korolyuk 0 0 0 -2 0 2 4 0 0 0 1/2 12:10 0:00 0:53
Boyd Gordon 0 3 3 3 0 4 1 1 1 2 9/20 19:21 1:37 1:34
Brian McGrattan 0 2 2 3 0 1 0 0 1 0 0/0 16:12 0:00 1:01
Jason Strudwick 0 0 0 2 0 0 0 1 0 0 0/0 14:02 0:00 1:52
John Madden 0 0 0 -2 2 1 3 0 0 1 1/6 11:51 0:00 0:41
Jonathan Tremblay 1 0 1 1 0 1 1 0 1 0 0/0 7:30 0:00 0:00
Kevin Shattenkirk 0 0 0 0 0 0 0 1 0 0 0/0 16:25 2:28 0:00
Mason Raymond 2 1 3 3 2 5 3 0 0 0 0/2 16:49 1:37 0:00
Michael Haley 0 1 1 1 5 1 1 0 0 0 0/0 7:19 0:00 0:00
Michael Nylander 1 1 2 2 0 1 0 2 1 0 13/27 21:35 2:25 3:15
Nate Prosser 0 1 1 2 0 1 3 1 1 1 0/0 22:17 2:28 0:12
Noah Welch 1 0 1 2 0 3 0 0 1 0 0/0 25:36 0:00 1:52
P.J. Axelsson 0 0 0 0 0 0 0 0 0 0 0/0 3:11 0:00 3:11
Patric Hornqvist 0 1 1 2 0 4 2 0 0 0 0/0 18:20 2:25 0:00
Rhett Warrener 0 0 0 0 4 0 0 2 0 2 0/0 21:54 1:34 3:18
Rostislav Klesla 0 0 0 0 0 0 1 0 0 0 0/0 3:59 1:34 0:00
Ryan Hollweg 2 1 3 2 2 8 3 0 2 0 0/1 18:07 2:25 0:00
T.J. Oshie 0 0 0 -2 0 0 1 0 0 0 0/0 12:40 1:37 0:00
Theo Peckham 0 0 0 2 0 0 2 1 0 0 0/0 15:46 0:00 3:30
Tyler Brenner 0 1 1 1 0 0 0 0 0 0 0/1 7:29 0:00 0:09
Players Stats for Wolves
Player Name G A P +/- PIM S H SB GA TA FO MP PP MP PK MP
------------------------------------------------------------------------------------
Alexander Perezhogin 2 0 2 0 2 3 1 1 1 0 0/1 20:35 2:43 0:00
Bruno Gervais 0 0 0 -1 2 1 1 0 0 0 0/0 16:25 2:04 0:00
Chris Neil 0 0 0 -3 5 2 0 0 0 0 2/7 16:03 2:26 2:26
Dan Fritsche 0 0 0 0 0 1 2 0 1 0 3/5 14:56 0:46 0:45
Ethan Moreau 1 0 1 0 2 2 4 0 0 0 1/1 14:11 0:24 1:01
Geoff Paukovich 0 0 0 -1 0 0 0 0 0 0 0/0 10:57 0:00 2:01
Geoff Sanderson 0 1 1 -2 0 2 6 0 1 0 3/7 19:13 2:15 0:09
Marc Methot 0 0 0 -1 0 1 3 3 0 0 0/0 13:05 0:00 1:47
Matt Gilroy 0 0 0 -1 2 0 3 3 0 0 0/0 19:33 2:04 2:11
Mike Zigomanis 0 0 0 -3 0 1 0 0 0 0 10/14 16:17 2:29 0:51
Milan Bartovic 0 1 1 0 0 2 1 1 0 2 0/0 12:17 0:13 0:51
Nate Guenin 0 0 0 -1 0 0 2 1 1 1 0/0 13:12 0:00 2:15
Nathan Davis 0 0 0 -1 0 1 4 0 0 0 4/6 9:20 0:13 0:00
Philippe Boucher 0 1 1 -2 0 3 6 3 2 3 0/0 28:33 3:18 1:47
Rich Peverley 0 1 1 -1 0 3 2 0 0 0 12/18 11:46 1:54 0:00
Tim Crowder 0 0 0 -1 0 0 0 0 0 0 0/0 8:33 0:00 0:00
Vyacheslav Kozlov 1 1 2 0 0 2 1 0 0 1 0/0 22:08 2:43 0:00
Willie Mitchell 0 1 1 -2 0 0 0 1 0 1 0/0 26:50 3:18 0:04
3 Stars
1 - Mason Raymond (Cal)
2 - Ryan Hollweg (Cal)
3 - Boyd Gordon (Cal)
Power Play
Princes - 1 on 3 Attempt(s) - 33,33%
Wolves - 2 on 4 Attempt(s) - 50,00%
Penalty Kill
Princes - 2 on 4 Attempt(s) - 50,00%
- Score 0 goal in Penalty Kill
Wolves - 2 on 3 Attempt(s) - 66,67%
- Score 0 goal in Penalty Kill
Official
Referees : Kozari Steve and O'Rourke Dan
Linesman : Mark Shewchyk and Derek Amell
Game Notes
Rich Peverley is injured at 11:25 of 2nd period (Lacerated Left Calf)
Loïc Lacasse enters game at 13:12 of 2nd period
Chris Neil and Michael Haley fight to a draw at 18:35 of 2nd period
2:16 of 3rd period - Wolves goal is going for a video replay. After video review, No Goal. The referee deems the play has been stopped, even if he had not physically had the opportunity to stop play by blowing his whistle.
Princes
5 vs 5 Forward
Center Left Wing Right Wing Time % Phy DF OF
1 Boyd Gordon Mason Raymond Brian McGrattan 35 1 1 3
2 Michael Nylander Ryan Hollweg Patric Hornqvist 35 1 1 3
3 John Madden Alexander Korolyuk T.J. Oshie 25 1 2 2
4 Tyler Brenner Michael Haley Jonathan Tremblay 5 3 2 0
5 vs 5 Defense
Defense Defense Time % Phy DF OF
1 Noah Welch Nate Prosser 40 0 3 2
2 Rhett Warrener Kevin Shattenkirk 30 0 3 2
3 Jason Strudwick Theo Peckham 20 0 3 2
4 Noah Welch Rhett Warrener 10 0 3 2
PowerPlay Forward
Center Left Wing Right Wing Time % Phy DF OF
1 Michael Nylander Ryan Hollweg Patric Hornqvist 60 0 1 4
2 Boyd Gordon Mason Raymond T.J. Oshie 40 0 1 4
PowerPlay Defense
Defense Defense Time % Phy DF OF
1 Nate Prosser Kevin Shattenkirk 60 0 2 3
2 Rhett Warrener Rostislav Klesla 40 0 2 3
Penalty Kill 4 Players Forward
Center Wing Time % Phy DF OF
1 Michael Nylander P.J. Axelsson 60 1 3 1
2 John Madden Boyd Gordon 40 1 3 1
Penalty Kill 4 Players Defense
Defense Defense Time % Phy DF OF
1 Theo Peckham Rhett Warrener 60 1 4 0
2 Jason Strudwick Noah Welch 40 1 4 0
Penalty Kill - 3 Players Forward
Forward Time % Phy DF OF
1 Michael Nylander 60 1 2 2
2 John Madden 40 1 2 2
Penalty Kill - 3 Players Defense
Defense Defense Time % Phy DF OF
1 Theo Peckham Rhett Warrener 60 1 2 2
2 Jason Strudwick Noah Welch 40 1 2 2
4 vs 4 Forward
Center Wing Time % Phy DF OF
1 Michael Nylander Patric Hornqvist 60 1 2 2
2 Boyd Gordon Ryan Hollweg 40 1 2 2
4 vs 4 Defense
Defense Defense Time % Phy DF OF
1 Rhett Warrener Noah Welch 60 0 3 2
2 Nate Prosser Kevin Shattenkirk 40 0 3 2
Last Minutes Offensive
Center Left Wing Right Wing Defense Defense
Michael Nylander Ryan Hollweg Patric Hornqvist Rostislav Klesla Kevin Shattenkirk
Last Minutes Defensive
Center Left Wing Right Wing Defense Defense
Michael Nylander P.J. Axelsson Brian McGrattan Jason Strudwick Noah Welch
Goaltenders
Starting : Jonathan Bernier
Backup : Richard Bachman
Extra Forwards
Normal : John Madden, Alexander Korolyuk, Jonathan Tremblay - PP : Alexander Korolyuk, Brian McGrattan - PK : Brian McGrattan
Extra Defensemen
Normal : Rhett Warrener, Noah Welch, Rostislav Klesla - PP : Noah Welch - PK : Theo Peckham, Nate Prosser
Penalty Shots
Mason Raymond, Michael Nylander, Patric Hornqvist, Brian McGrattan, Ryan Hollweg
Wolves
5 vs 5 Forward
Center Left Wing Right Wing Time % Phy DF OF
1 Rich Peverley Vyacheslav Kozlov Alexander Perezhogin 40 0 1 4
2 Mike Zigomanis Geoff Sanderson Chris Neil 30 0 2 3
3 Dan Fritsche Ethan Moreau Milan Bartovic 20 0 2 3
4 Nathan Davis Geoff Paukovich Tim Crowder 10 0 2 3
5 vs 5 Defense
Defense Defense Time % Phy DF OF
1 Willie Mitchell Philippe Boucher 40 0 3 2
2 Bruno Gervais Matt Gilroy 30 0 3 2
3 Marc Methot Nate Guenin 20 0 3 2
4 Willie Mitchell Philippe Boucher 10 0 3 2
PowerPlay Forward
Center Left Wing Right Wing Time % Phy DF OF
1 Rich Peverley Vyacheslav Kozlov Alexander Perezhogin 60 0 0 5
2 Mike Zigomanis Geoff Sanderson Chris Neil 40 0 0 5
PowerPlay Defense
Defense Defense Time % Phy DF OF
1 Willie Mitchell Philippe Boucher 60 0 1 4
2 Bruno Gervais Matt Gilroy 40 0 1 4
Penalty Kill 4 Players Forward
Center Wing Time % Phy DF OF
1 Chris Neil Ethan Moreau 60 0 4 1
2 Mike Zigomanis Milan Bartovic 40 0 4 1
Penalty Kill 4 Players Defense
Defense Defense Time % Phy DF OF
1 Nate Guenin Matt Gilroy 60 0 5 0
2 Marc Methot Philippe Boucher 40 0 5 0
Penalty Kill - 3 Players Forward
Forward Time % Phy DF OF
1 Ethan Moreau 60 0 4 1
2 Milan Bartovic 40 0 4 1
Penalty Kill - 3 Players Defense
Defense Defense Time % Phy DF OF
1 Bruno Gervais Nate Guenin 60 0 5 0
2 Marc Methot Willie Mitchell 40 0 5 0
4 vs 4 Forward
Center Wing Time % Phy DF OF
1 Rich Peverley Vyacheslav Kozlov 60 0 2 3
2 Alexander Perezhogin Geoff Sanderson 40 0 2 3
4 vs 4 Defense
Defense Defense Time % Phy DF OF
1 Willie Mitchell Philippe Boucher 60 0 3 2
2 Bruno Gervais Matt Gilroy 40 0 3 2
Last Minutes Offensive
Center Left Wing Right Wing Defense Defense
Rich Peverley Vyacheslav Kozlov Alexander Perezhogin Willie Mitchell Philippe Boucher
Last Minutes Defensive
Center Left Wing Right Wing Defense Defense
Mike Zigomanis Ethan Moreau Chris Neil Willie Mitchell Philippe Boucher
Goaltenders
Starting : Julien Ellis
Backup : Loïc Lacasse
Extra Forwards
Normal : Vyacheslav Kozlov, Alexander Perezhogin, Geoff Sanderson - PP : Vyacheslav Kozlov, Alexander Perezhogin - PK : Ethan Moreau
Extra Defensemen
Normal : Philippe Boucher, Willie Mitchell, Bruno Gervais - PP : Philippe Boucher - PK : Willie Mitchell, Bruno Gervais
Penalty Shots
Chris Neil, Vyacheslav Kozlov, Geoff Sanderson, Rich Peverley, Ethan Moreau
% Time on Ice - Princes
Lines # - Real PCT - Wanted PCT - Time Play
Normal Forward
1 - 32% - 35% - 15:20
2 - 30% - 35% - 14:46
3 - 23% - 25% - 11:11
4 - 15% - 5% - 7:20
Normal Defense
1 - 39% - 40% - 19:01
2 - 29% - 30% - 14:06
3 - 25% - 20% - 12:10
4 - 7% - 10% - 3:20
PP Forward
1 - 60% - 60% - 2:25
2 - 40% - 40% - 1:37
PP Defense
1 - 61% - 60% - 2:28
2 - 39% - 40% - 1:34
PK Forward
1 - 79% - 60% - 4:14
2 - 21% - 40% - 1:08
PK Defense
1 - 65% - 60% - 3:30
2 - 35% - 40% - 1:52
PK3 Forward
1 - 0% - 60%
2 - 0% - 40%
PK3 Defense
1 - 0% - 60%
2 - 0% - 40%
44 Forward
1 - 57% - 60% - 1:08
2 - 43% - 40% - 0:51
44 Defense
1 - 75% - 60% - 1:29
2 - 25% - 40% - 0:30
Last Minute Offensive - 0:00
Last Minute Defensive - 0:00
Total
Forward - 60:00
Defense - 60:00
|
% Time on Ice - Wolves
Lines # - Real PCT - Wanted PCT - Time Play
Normal Forward
1 - 38% - 40% - 18:29
2 - 23% - 30% - 11:22
3 - 22% - 20% - 10:45
4 - 16% - 10% - 8:01
Normal Defense
1 - 43% - 40% - 20:42
2 - 28% - 30% - 13:47
3 - 22% - 20% - 10:47
4 - 7% - 10% - 3:21
PP Forward
1 - 58% - 60% - 3:07
2 - 42% - 40% - 2:15
PP Defense
1 - 61% - 60% - 3:18
2 - 39% - 40% - 2:04
PK Forward
1 - 79% - 60% - 3:11
2 - 21% - 40% - 0:51
PK Defense
1 - 56% - 60% - 2:15
2 - 44% - 40% - 1:47
PK3 Forward
1 - 0% - 60%
2 - 0% - 40%
PK3 Defense
1 - 0% - 60%
2 - 0% - 40%
44 Forward
1 - 100% - 60% - 1:59
2 - 0% - 40% - 0:00
44 Defense
1 - 75% - 60% - 1:29
2 - 25% - 40% - 0:30
Last Minute Offensive - 0:00
Last Minute Defensive - 0:00
Total
Forward - 60:00
Defense - 60:00
|
Play by Play
1st period
0:01 of 1st period - Boyd Gordon wins face-off versus Rich Peverley in neutral zone.
1:54 of 1st period - Snap shot by T.J. Oshie.
1:54 of 1st period - Shot Misses the Net.
1:56 of 1st period - Snap shot by John Madden.
1:56 of 1st period - Shot Blocked by Marc Methot.
3:00 of 1st period - Snap shot by Patric Hornqvist.
3:00 of 1st period - Shot Hit the Post.
3:06 of 1st period - Snap shot by Willie Mitchell.
3:06 of 1st period - Shot Misses the Net.
3:22 of 1st period - Bruno Gervais is hit by Alexander Korolyuk.
3:49 of 1st period - Slapshot by Patric Hornqvist.
3:49 of 1st period - Stopped by Julien Ellis with a rebound.
4:16 of 1st period - Jason Strudwick is hit by Matt Gilroy and loses puck.
4:49 of 1st period - Theo Peckham is hit by Ethan Moreau and loses puck.
4:57 of 1st period - Snap shot by T.J. Oshie.
4:57 of 1st period - Shot Misses the Net.
4:59 of 1st period - Slapshot by John Madden.
4:59 of 1st period - Shot Misses the Net.
5:46 of 1st period - Willie Mitchell is hit by John Madden and loses puck.
6:01 of 1st period - Wrist shot by Ethan Moreau.
6:01 of 1st period - Shot Blocked by Theo Peckham.
6:03 of 1st period - Slapshot by Willie Mitchell.
6:03 of 1st period - Shot Blocked by Jason Strudwick.
6:05 of 1st period - Wrist shot by Willie Mitchell.
6:05 of 1st period - Deflect By Milan Bartovic.
6:05 of 1st period - Stopped by Jonathan Bernier without a rebound.
6:06 of 1st period - Boyd Gordon wins face-off versus Chris Neil in Princes zone.
6:06 of 1st period - Boyd Gordon is hit by Nate Guenin.
6:14 of 1st period - Geoff Sanderson is hit by Mason Raymond and loses puck.
7:23 of 1st period - Tim Crowder is hit by Michael Haley and loses puck.
7:36 of 1st period - Wrist shot by Chris Neil.
7:36 of 1st period - Shot Hit the Post.
7:57 of 1st period - Wrist shot by Alexander Korolyuk.
7:57 of 1st period - Shot Misses the Net.
8:02 of 1st period - Minor Penalty to Ethan Moreau for Holding.
8:03 of 1st period - Michael Nylander wins face-off versus Chris Neil in Wolves zone.
8:18 of 1st period - Wrist shot by Chris Neil.
8:18 of 1st period - Stopped by Jonathan Bernier without a rebound.
8:19 of 1st period - Chris Neil wins face-off versus Ryan Hollweg in Princes zone.
8:22 of 1st period - Snap shot by Chris Neil.
8:22 of 1st period - Shot Misses the Net.
8:24 of 1st period - Snap shot by Chris Neil.
8:24 of 1st period - Stopped by Jonathan Bernier without a rebound.
8:25 of 1st period - Michael Nylander wins face-off versus Chris Neil in Princes zone.
8:34 of 1st period - Snap shot by Ryan Hollweg.
8:34 of 1st period - Stopped by Julien Ellis with a rebound.
8:47 of 1st period - Slapshot by Chris Neil.
8:47 of 1st period - Deflect By Geoff Paukovich.
8:47 of 1st period - Shot Misses the Net.
8:47 of 1st period - Puck is out of play.
8:48 of 1st period - Chris Neil wins face-off versus Boyd Gordon in Princes zone.
8:49 of 1st period - Slapshot by Philippe Boucher.
8:49 of 1st period - Shot Blocked by Boyd Gordon.
9:13 of 1st period - Michael Nylander is hit by Philippe Boucher.
9:21 of 1st period - Milan Bartovic is hit by Patric Hornqvist and loses puck.
10:02 of 1st period - Penalty to Ethan Moreau is over, Ethan Moreau is back on ice.
10:30 of 1st period - Theo Peckham is hit by Dan Fritsche and loses puck.
10:39 of 1st period - Wrist shot by Milan Bartovic.
10:39 of 1st period - Stopped by Jonathan Bernier with a rebound.
10:54 of 1st period - Patric Hornqvist is hit by Matt Gilroy and loses puck.
11:29 of 1st period - Tyler Brenner is hit by Nathan Davis and loses puck.
12:04 of 1st period - Icing by Vyacheslav Kozlov.
12:05 of 1st period - Mike Zigomanis wins face-off versus John Madden in Wolves zone.
12:15 of 1st period - Slapshot by Alexander Korolyuk.
12:15 of 1st period - Shot Misses the Net.
12:31 of 1st period - Rich Peverley is hit by Nate Prosser and loses puck.
12:51 of 1st period - Icing by Vyacheslav Kozlov.
12:52 of 1st period - Dan Fritsche wins face-off versus Michael Nylander in Wolves zone.
12:52 of 1st period - Dan Fritsche is hit by Ryan Hollweg.
12:58 of 1st period - Backhand shot by Philippe Boucher.
12:58 of 1st period - Stopped by Jonathan Bernier without a rebound.
12:59 of 1st period - Ethan Moreau wins face-off versus Michael Nylander in Princes zone.
13:26 of 1st period - Slapshot by Brian McGrattan.
13:26 of 1st period - Shot Misses the Net.
13:46 of 1st period - Mason Raymond is hit by Nathan Davis and loses puck.
13:55 of 1st period - Slapshot by Bruno Gervais.
13:55 of 1st period - Shot Misses the Net.
13:56 of 1st period - Minor Penalty to Rhett Warrener for Hooking.
13:57 of 1st period - Rich Peverley wins face-off versus Michael Nylander in Princes zone.
14:06 of 1st period - Slapshot by Vyacheslav Kozlov.
14:06 of 1st period - Shot Misses the Net.
14:08 of 1st period - Snap shot by Rich Peverley.
14:08 of 1st period - Deflect By Alexander Perezhogin.
14:08 of 1st period - Goal by Alexander Perezhogin - Princes : 0 - Wolves : 1.
14:09 of 1st period - Michael Nylander wins face-off versus Rich Peverley in neutral zone.
14:22 of 1st period - Snap shot by Patric Hornqvist.
14:22 of 1st period - Shot Blocked by Philippe Boucher.
14:36 of 1st period - Snap shot by T.J. Oshie.
14:36 of 1st period - Shot Misses the Net.
15:14 of 1st period - Boyd Gordon is hit by Geoff Sanderson.
15:52 of 1st period - Snap shot by Patric Hornqvist.
15:52 of 1st period - Stopped by Julien Ellis with a rebound.
16:18 of 1st period - Wrist shot by Tyler Brenner.
16:18 of 1st period - Deflect By Michael Haley.
16:18 of 1st period - Stopped by Julien Ellis with a rebound.
16:20 of 1st period - Slapshot by Jonathan Tremblay.
16:20 of 1st period - Goal by Jonathan Tremblay - Princes : 1 - Wolves : 1.
16:21 of 1st period - Rich Peverley wins face-off versus Michael Nylander in neutral zone.
16:24 of 1st period - Wrist shot by Alexander Perezhogin.
16:24 of 1st period - Stopped by Jonathan Bernier without a rebound.
16:25 of 1st period - Rich Peverley wins face-off versus Michael Nylander in Princes zone.
16:32 of 1st period - Vyacheslav Kozlov is hit by Ryan Hollweg and loses puck.
16:53 of 1st period - Wrist shot by Brian McGrattan.
16:53 of 1st period - Deflect By Boyd Gordon.
16:53 of 1st period - Stopped by Julien Ellis with a rebound.
16:55 of 1st period - Slapshot by Boyd Gordon.
16:55 of 1st period - Deflect By Brian McGrattan.
16:55 of 1st period - Shot Misses the Net.
16:55 of 1st period - Puck is out of play.
16:56 of 1st period - Boyd Gordon wins face-off versus Mike Zigomanis in Wolves zone.
16:57 of 1st period - Snap shot by Mason Raymond.
16:57 of 1st period - Shot Misses the Net.
16:59 of 1st period - Slapshot by Noah Welch.
16:59 of 1st period - Stopped by Julien Ellis without a rebound.
17:00 of 1st period - Boyd Gordon wins face-off versus Mike Zigomanis in Wolves zone.
17:03 of 1st period - Slapshot by Mason Raymond.
17:03 of 1st period - Stopped by Julien Ellis with a rebound.
17:05 of 1st period - Slapshot by Noah Welch.
17:05 of 1st period - Goal by Noah Welch - Princes : 2 - Wolves : 1.
17:06 of 1st period - Michael Nylander wins face-off versus Rich Peverley in neutral zone.
17:09 of 1st period - Wrist shot by Rich Peverley.
17:09 of 1st period - Shot Blocked by Michael Nylander.
17:11 of 1st period - Slapshot by Philippe Boucher.
17:11 of 1st period - Stopped by Jonathan Bernier without a rebound.
17:12 of 1st period - Rich Peverley wins face-off versus Michael Nylander in Princes zone.
17:17 of 1st period - Snap shot by Rich Peverley.
17:17 of 1st period - Shot Hit the Post.
17:29 of 1st period - Michael Nylander is hit by Rich Peverley and loses puck.
17:34 of 1st period - Wrist shot by Rich Peverley.
17:34 of 1st period - Stopped by Jonathan Bernier with a rebound.
18:34 of 1st period - Icing by Willie Mitchell.
18:35 of 1st period - Rich Peverley wins face-off versus Boyd Gordon in Wolves zone.
18:42 of 1st period - Slapshot by Mason Raymond.
18:42 of 1st period - Stopped by Julien Ellis with a rebound.
18:44 of 1st period - Snap shot by Boyd Gordon.
18:44 of 1st period - Deflect By Mason Raymond.
18:44 of 1st period - Goal by Mason Raymond - Princes : 3 - Wolves : 1.
18:45 of 1st period - Mike Zigomanis wins face-off versus Boyd Gordon in neutral zone.
18:50 of 1st period - Backhand shot by Geoff Sanderson.
18:50 of 1st period - Shot Blocked by Rhett Warrener.
18:52 of 1st period - Backhand shot by Bruno Gervais.
18:52 of 1st period - Shot Blocked by Rhett Warrener.
18:54 of 1st period - Backhand shot by Bruno Gervais.
18:54 of 1st period - Shot Blocked by Kevin Shattenkirk.
18:56 of 1st period - Wrist shot by Geoff Sanderson.
18:56 of 1st period - Shot Misses the Net.
18:57 of 1st period - Minor Penalty to Mason Raymond for Hooking.
18:58 of 1st period - Mike Zigomanis wins face-off versus Michael Nylander in Princes zone.
19:11 of 1st period - Wrist shot by Mike Zigomanis.
19:11 of 1st period - Stopped by Jonathan Bernier without a rebound.
19:12 of 1st period - Rich Peverley wins face-off versus Michael Nylander in Princes zone.
2nd period
0:01 of 2nd period - Michael Nylander wins face-off versus Rich Peverley in neutral zone.
0:14 of 2nd period - Slapshot by Willie Mitchell.
0:14 of 2nd period - Deflect By Vyacheslav Kozlov.
0:14 of 2nd period - Goal by Vyacheslav Kozlov - Princes : 3 - Wolves : 2.
0:15 of 2nd period - Mike Zigomanis wins face-off versus Boyd Gordon in neutral zone.
0:40 of 2nd period - Rhett Warrener is hit by Philippe Boucher and loses puck.
0:53 of 2nd period - Slapshot by Mason Raymond.
0:53 of 2nd period - Shot Misses the Net.
0:55 of 2nd period - Snap shot by Mason Raymond.
0:55 of 2nd period - Goal by Mason Raymond - Princes : 4 - Wolves : 2.
0:56 of 2nd period - Mike Zigomanis wins face-off versus John Madden in neutral zone.
1:27 of 2nd period - Wrist shot by Rich Peverley.
1:27 of 2nd period - Stopped by Jonathan Bernier without a rebound.
1:28 of 2nd period - Rich Peverley wins face-off versus Michael Nylander in Princes zone.
1:32 of 2nd period - Minor Penalty to Ryan Hollweg for Interference.
1:33 of 2nd period - Michael Nylander wins face-off versus Rich Peverley in Princes zone.
3:29 of 2nd period - Bruno Gervais is hit by Boyd Gordon.
3:32 of 2nd period - Penalty to Ryan Hollweg is over, Ryan Hollweg is back on ice.
4:05 of 2nd period - Wrist shot by John Madden.
4:05 of 2nd period - Deflect By Alexander Korolyuk.
4:05 of 2nd period - Stopped by Julien Ellis without a rebound.
4:06 of 2nd period - Nathan Davis wins face-off versus John Madden in Wolves zone.
4:06 of 2nd period - Nathan Davis is hit by Nate Prosser.
4:15 of 2nd period - Off-side.
4:16 of 2nd period - Rich Peverley wins face-off versus Boyd Gordon in neutral zone.
5:05 of 2nd period - Wrist shot by Alexander Korolyuk.
5:05 of 2nd period - Stopped by Julien Ellis without a rebound.
5:06 of 2nd period - Alexander Korolyuk wins face-off versus Dan Fritsche in Wolves zone.
5:13 of 2nd period - John Madden is hit by Philippe Boucher and loses puck.
5:44 of 2nd period - Slapshot by Milan Bartovic.
5:44 of 2nd period - Shot Misses the Net.
5:46 of 2nd period - Slapshot by Ethan Moreau.
5:46 of 2nd period - Stopped by Jonathan Bernier with a rebound.
5:48 of 2nd period - Snap shot by Ethan Moreau.
5:48 of 2nd period - Goal by Ethan Moreau - Princes : 4 - Wolves : 3.
5:49 of 2nd period - Rich Peverley wins face-off versus Mason Raymond in neutral zone.
6:23 of 2nd period - Snap shot by Vyacheslav Kozlov.
6:23 of 2nd period - Shot Misses the Net.
6:45 of 2nd period - Snap shot by Ryan Hollweg.
6:45 of 2nd period - Goal by Ryan Hollweg - Princes : 5 - Wolves : 3.
6:46 of 2nd period - Mike Zigomanis wins face-off versus Boyd Gordon in neutral zone.
7:01 of 2nd period - Boyd Gordon is hit by Geoff Sanderson and loses puck.
7:16 of 2nd period - Slapshot by Ryan Hollweg.
7:16 of 2nd period - Stopped by Julien Ellis without a rebound.
7:17 of 2nd period - Michael Nylander wins face-off versus Rich Peverley in Wolves zone.
7:18 of 2nd period - Slapshot by Ryan Hollweg.
7:18 of 2nd period - Stopped by Julien Ellis without a rebound.
7:19 of 2nd period - Rich Peverley wins face-off versus Boyd Gordon in Wolves zone.
7:19 of 2nd period - Rich Peverley is hit by Mason Raymond.
7:31 of 2nd period - Snap shot by Brian McGrattan.
7:31 of 2nd period - Shot Blocked by Alexander Perezhogin.
7:33 of 2nd period - Slapshot by Boyd Gordon.
7:33 of 2nd period - Stopped by Julien Ellis without a rebound.
7:34 of 2nd period - Mike Zigomanis wins face-off versus Michael Nylander in Wolves zone.
7:34 of 2nd period - Mike Zigomanis is hit by Ryan Hollweg.
7:46 of 2nd period - Snap shot by Ryan Hollweg.
7:46 of 2nd period - Shot Blocked by Philippe Boucher.
7:48 of 2nd period - Wrist shot by Patric Hornqvist.
7:48 of 2nd period - Stopped by Julien Ellis with a rebound.
7:50 of 2nd period - Slapshot by Nate Prosser.
7:50 of 2nd period - Stopped by Julien Ellis with a rebound.
8:04 of 2nd period - Nate Prosser is hit by Rich Peverley and loses puck.
8:21 of 2nd period - Wrist shot by T.J. Oshie.
8:21 of 2nd period - Shot Misses the Net.
9:06 of 2nd period - Ryan Hollweg is hit by Nate Guenin and loses puck.
9:21 of 2nd period - Wrist shot by Brian McGrattan.
9:21 of 2nd period - Stopped by Julien Ellis without a rebound.
9:22 of 2nd period - Rich Peverley wins face-off versus Boyd Gordon in Wolves zone.
9:46 of 2nd period - Snap shot by Boyd Gordon.
9:46 of 2nd period - Deflect By Bruno Gervais.
9:46 of 2nd period - Shot Hit the Post.
9:46 of 2nd period - Puck is out of play.
9:47 of 2nd period - Mike Zigomanis wins face-off versus Michael Nylander in Wolves zone.
10:42 of 2nd period - Snap shot by Alexander Perezhogin.
10:42 of 2nd period - Shot Misses the Net.
10:44 of 2nd period - Slapshot by Rich Peverley.
10:44 of 2nd period - Stopped by Jonathan Bernier without a rebound.
10:45 of 2nd period - Dan Fritsche wins face-off versus Michael Nylander in Princes zone.
10:57 of 2nd period - Minor Penalty to Bruno Gervais for Cross-checking.
10:57 of 2nd period - Minor Penalty to Rhett Warrener for Hooking.
10:58 of 2nd period - Rich Peverley wins face-off versus Michael Nylander in Princes zone.
11:24 of 2nd period - Rich Peverley is hit by Rostislav Klesla and loses puck.
11:25 of 2nd period - Rich Peverley from Wolves is injured at 11:25 of 2nd period (Lacerated Left Calf).
11:26 of 2nd period - Michael Nylander wins face-off versus Alexander Perezhogin in Wolves zone.
11:27 of 2nd period - Slapshot by Patric Hornqvist.
11:27 of 2nd period - Stopped by Julien Ellis with a rebound.
12:07 of 2nd period - Slapshot by Noah Welch.
12:07 of 2nd period - Stopped by Julien Ellis with a rebound.
12:25 of 2nd period - Ryan Hollweg is hit by Ethan Moreau and loses puck.
12:57 of 2nd period - Penalty to Bruno Gervais is over, Bruno Gervais is back on ice.
12:57 of 2nd period - Penalty to Rhett Warrener is over, Rhett Warrener is back on ice.
13:08 of 2nd period - Minor Penalty to Matt Gilroy for Roughing.
13:09 of 2nd period - Michael Nylander wins face-off versus Chris Neil in Wolves zone.
13:12 of 2nd period - Slapshot by Michael Nylander.
13:12 of 2nd period - Goal by Michael Nylander - Princes : 6 - Wolves : 3.
13:12 of 2nd period - Loïc Lacasse enters game.
13:13 of 2nd period - Boyd Gordon wins face-off versus Geoff Sanderson in neutral zone.
13:21 of 2nd period - Nate Prosser is hit by Vyacheslav Kozlov and loses puck.
13:38 of 2nd period - Michael Nylander is hit by Dan Fritsche and loses puck.
13:49 of 2nd period - Patric Hornqvist is hit by Philippe Boucher and loses puck.
14:24 of 2nd period - Icing by Philippe Boucher.
14:25 of 2nd period - Mike Zigomanis wins face-off versus John Madden in Wolves zone.
14:32 of 2nd period - Geoff Sanderson is hit by T.J. Oshie and loses puck.
14:56 of 2nd period - Noah Welch is hit by Marc Methot and loses puck.
15:17 of 2nd period - Snap shot by Ryan Hollweg.
15:17 of 2nd period - Goal by Ryan Hollweg - Princes : 7 - Wolves : 3.
15:18 of 2nd period - Boyd Gordon wins face-off versus Geoff Sanderson in neutral zone.
15:43 of 2nd period - Kevin Shattenkirk is hit by Milan Bartovic and loses puck.
16:42 of 2nd period - Noah Welch is hit by Alexander Perezhogin.
16:52 of 2nd period - Wrist shot by Boyd Gordon.
16:52 of 2nd period - Stopped by Loïc Lacasse with a rebound.
17:02 of 2nd period - Snap shot by Bruno Gervais.
17:02 of 2nd period - Deflect By Nathan Davis.
17:02 of 2nd period - Stopped by Jonathan Bernier with a rebound.
17:04 of 2nd period - Slapshot by Bruno Gervais.
17:04 of 2nd period - Stopped by Jonathan Bernier without a rebound.
17:05 of 2nd period - Michael Nylander wins face-off versus Nathan Davis in Princes zone.
17:20 of 2nd period - Marc Methot is hit by Theo Peckham and loses puck.
17:25 of 2nd period - Wrist shot by Michael Nylander.
17:25 of 2nd period - Shot Misses the Net.
17:27 of 2nd period - Snap shot by Michael Nylander.
17:27 of 2nd period - Shot Blocked by Nate Guenin.
17:29 of 2nd period - Slapshot by Nate Prosser.
17:29 of 2nd period - Shot Blocked by Marc Methot.
17:31 of 2nd period - Snap shot by Michael Nylander.
17:31 of 2nd period - Shot Blocked by Marc Methot.
17:41 of 2nd period - Snap shot by Ryan Hollweg.
17:41 of 2nd period - Stopped by Loïc Lacasse without a rebound.
17:42 of 2nd period - Boyd Gordon wins face-off versus Geoff Sanderson in Wolves zone.
17:43 of 2nd period - Wrist shot by Brian McGrattan.
17:43 of 2nd period - Shot Blocked by Matt Gilroy.
18:13 of 2nd period - Snap shot by John Madden.
18:13 of 2nd period - Stopped by Loïc Lacasse with a rebound.
18:35 of 2nd period - Chris Neil and Michael Haley fight to a draw.
18:35 of 2nd period - Penalty to Chris Neil for Fighting.
18:35 of 2nd period - Penalty to Michael Haley for Fighting.
18:36 of 2nd period - Boyd Gordon wins face-off versus Geoff Sanderson in Wolves zone.
19:14 of 2nd period - Snap shot by Ryan Hollweg.
19:14 of 2nd period - Stopped by Loïc Lacasse without a rebound.
19:15 of 2nd period - Nathan Davis wins face-off versus Alexander Korolyuk in Wolves zone.
19:42 of 2nd period - Jason Strudwick is hit by Geoff Sanderson and loses puck.
19:55 of 2nd period - Alexander Perezhogin is hit by Nate Prosser and loses puck.
3rd period
0:01 of 3rd period - Geoff Sanderson wins face-off versus Michael Nylander in neutral zone.
0:12 of 3rd period - Slapshot by Matt Gilroy.
0:12 of 3rd period - Shot Misses the Net.
0:14 of 3rd period - Wrist shot by Alexander Perezhogin.
0:14 of 3rd period - Shot Blocked by Nate Prosser.
0:16 of 3rd period - Snap shot by Geoff Sanderson.
0:16 of 3rd period - Stopped by Jonathan Bernier without a rebound.
0:17 of 3rd period - Mike Zigomanis wins face-off versus Boyd Gordon in Princes zone.
0:42 of 3rd period - Ryan Hollweg is hit by Ethan Moreau.
1:06 of 3rd period - Snap shot by Vyacheslav Kozlov.
1:06 of 3rd period - Stopped by Jonathan Bernier without a rebound.
1:07 of 3rd period - Geoff Sanderson wins face-off versus John Madden in Princes zone.
1:14 of 3rd period - Snap shot by Alexander Perezhogin.
1:14 of 3rd period - Goal by Alexander Perezhogin - Princes : 7 - Wolves : 4.
1:15 of 3rd period - Geoff Sanderson wins face-off versus Mason Raymond in neutral zone.
2:03 of 3rd period - Michael Nylander is hit by Ethan Moreau and loses puck.
2:14 of 3rd period - Wrist shot by Ethan Moreau.
2:14 of 3rd period - Shot Misses the Net.
2:16 of 3rd period - Wrist shot by Dan Fritsche.
2:16 of 3rd period - Wolves goal is going for a video replay.
2:16 of 3rd period - The goal is refused. The referee deems the play has been stopped, even if he had not physically had the opportunity to stop play by blowing his whistle..
2:17 of 3rd period - Nathan Davis wins face-off versus Boyd Gordon in Princes zone.
2:26 of 3rd period - Bruno Gervais is hit by Mason Raymond and loses puck.
2:47 of 3rd period - Wrist shot by Patric Hornqvist.
2:47 of 3rd period - Shot Blocked by Milan Bartovic.
2:51 of 3rd period - Wrist shot by Ryan Hollweg.
2:51 of 3rd period - Shot Misses the Net.
2:53 of 3rd period - Snap shot by Ryan Hollweg.
2:53 of 3rd period - Shot Misses the Net.
3:08 of 3rd period - Off-side.
3:09 of 3rd period - Boyd Gordon wins face-off versus Mike Zigomanis in neutral zone.
3:22 of 3rd period - Snap shot by Philippe Boucher.
3:22 of 3rd period - Shot Misses the Net.
3:32 of 3rd period - Wrist shot by Geoff Sanderson.
3:32 of 3rd period - Shot Misses the Net.
3:34 of 3rd period - Slapshot by Marc Methot.
3:34 of 3rd period - Shot Hit the Post.
3:36 of 3rd period - Slapshot by Marc Methot.
3:36 of 3rd period - Deflect By Brian McGrattan.
3:36 of 3rd period - Stopped by Jonathan Bernier with a rebound.
4:04 of 3rd period - Snap shot by Boyd Gordon.
4:04 of 3rd period - Shot Misses the Net.
4:11 of 3rd period - Snap shot by Mike Zigomanis.
4:11 of 3rd period - Shot Misses the Net.
4:13 of 3rd period - Wrist shot by Geoff Sanderson.
4:13 of 3rd period - Stopped by Jonathan Bernier without a rebound.
4:14 of 3rd period - Michael Nylander wins face-off versus Dan Fritsche in Princes zone.
6:07 of 3rd period - Alexander Perezhogin is hit by Patric Hornqvist and loses puck.
6:24 of 3rd period - Wrist shot by Brian McGrattan.
6:24 of 3rd period - Shot Blocked by Matt Gilroy.
6:26 of 3rd period - Slapshot by Mason Raymond.
6:26 of 3rd period - Stopped by Loïc Lacasse without a rebound.
6:27 of 3rd period - John Madden wins face-off versus Nathan Davis in Wolves zone.
6:32 of 3rd period - Slapshot by John Madden.
6:32 of 3rd period - Shot Hit the Post.
6:34 of 3rd period - Slapshot by Jason Strudwick.
6:34 of 3rd period - Shot Misses the Net.
6:36 of 3rd period - Slapshot by Theo Peckham.
6:36 of 3rd period - Shot Blocked by Philippe Boucher.
7:55 of 3rd period - Michael Nylander is hit by Marc Methot and loses puck.
8:01 of 3rd period - Off-side.
8:02 of 3rd period - Dan Fritsche wins face-off versus Boyd Gordon in neutral zone.
8:11 of 3rd period - Minor Penalty to Alexander Perezhogin for Roughing.
8:12 of 3rd period - Michael Nylander wins face-off versus Chris Neil in Wolves zone.
8:15 of 3rd period - Slapshot by Ryan Hollweg.
8:15 of 3rd period - Stopped by Loïc Lacasse with a rebound.
9:18 of 3rd period - Patric Hornqvist is hit by Philippe Boucher and loses puck.
9:51 of 3rd period - Mason Raymond is hit by Matt Gilroy and loses puck.
10:11 of 3rd period - Penalty to Alexander Perezhogin is over, Alexander Perezhogin is back on ice.
10:29 of 3rd period - Slapshot by Rhett Warrener.
10:29 of 3rd period - Shot Blocked by Matt Gilroy.
10:57 of 3rd period - Nate Guenin is hit by John Madden and loses puck.
11:51 of 3rd period - Mike Zigomanis is hit by Jonathan Tremblay and loses puck.
12:29 of 3rd period - Geoff Sanderson is hit by Alexander Korolyuk and loses puck.
13:04 of 3rd period - Dan Fritsche is hit by Alexander Korolyuk and loses puck.
13:31 of 3rd period - Theo Peckham is hit by Philippe Boucher and loses puck.
13:53 of 3rd period - Boyd Gordon is hit by Marc Methot and loses puck.
14:13 of 3rd period - Rhett Warrener is hit by Geoff Sanderson and loses puck.
14:28 of 3rd period - Chris Neil is hit by Alexander Korolyuk.
14:32 of 3rd period - Chris Neil is hit by John Madden and loses puck.
14:43 of 3rd period - Milan Bartovic is hit by Theo Peckham and loses puck.
15:36 of 3rd period - Slapshot by John Madden.
15:36 of 3rd period - Shot Misses the Net.
16:01 of 3rd period - Noah Welch is hit by Nathan Davis and loses puck.
16:12 of 3rd period - Mason Raymond is hit by Geoff Sanderson.
16:52 of 3rd period - Icing by Jason Strudwick.
16:53 of 3rd period - Nathan Davis wins face-off versus Tyler Brenner in Princes zone.
17:28 of 3rd period - Snap shot by Ryan Hollweg.
17:28 of 3rd period - Shot Misses the Net.
17:30 of 3rd period - Slapshot by Patric Hornqvist.
17:30 of 3rd period - Shot Blocked by Willie Mitchell.
17:50 of 3rd period - Snap shot by Boyd Gordon.
17:50 of 3rd period - Stopped by Loïc Lacasse with a rebound.
18:05 of 3rd period - Minor Penalty to John Madden for Goalie Interference.
18:06 of 3rd period - Michael Nylander wins face-off versus Mike Zigomanis in Princes zone.
18:32 of 3rd period - P.J. Axelsson is hit by Bruno Gervais and loses puck.
18:37 of 3rd period - Wrist shot by Vyacheslav Kozlov.
18:37 of 3rd period - Shot Blocked by Michael Nylander.
18:41 of 3rd period - Wrist shot by Alexander Perezhogin.
18:41 of 3rd period - Shot Misses the Net.
18:43 of 3rd period - Slapshot by Philippe Boucher.
18:43 of 3rd period - Stopped by Jonathan Bernier with a rebound.
19:28 of 3rd period - Jason Strudwick is hit by Geoff Sanderson and loses puck.
19:57 of 3rd period - Brian McGrattan is hit by Nathan Davis and loses puck.
Output by the SimonT Hockey Simulator (STHS) for François Prévost -- Original Page W3C XHTML 1.0 Valid